Map: Catalyst LE

Players

JagrsMullets - Winner!

  • Race: Zerg Zerg
  • Spawn Location: 5:00

A.I. 1 (Easy)

  • Race: Protoss Protoss
  • Spawn Location: 11:00

VOD

Have the link to the VOD?

Description

Time

  • Played on: Nov. 23, 2017, 4:35 a.m.
  • Length: 4:50
Show
View Real Time Build Order
Export as new Build Order

JagrsMullets Zerg - Winner!

Build Orders: Pool Only 

Get SALT Encoding   

  12  0:04  Drone  
  13  0:12  Drone  
  14  0:21  Overlord  
  14  0:39  Spawning Pool  
  14  0:41  Drone  
  14  0:42  Drone  
  15  1:01  Extractor  
  15  1:03  Drone x2  
  16  1:12  Extractor  
  16  1:16  Overlord  
  15  1:19  Overlord  
  15  1:34  Zergling x2  
  16  1:40  Zergling x2  
  16  1:43  Queen  
  19  1:55  Drone  
  20  2:03  Zergling x2  
  21  2:12  Zergling x2  
  22  2:21  Lair  
  22  2:45  Zergling x6  
  25  3:15  Zergling x4  
  25  3:16  Zergling x6, Evolution Chamber  
  29  3:22  Pneumatized Carapace  
  29  3:30  Drone  
  30  4:04  Queen  
Show
View Real Time Build Order
Export as new Build Order

A.I. 1 (Easy) Protoss 

Build Orders:  

Get SALT Encoding   

  12  0:00  Probe  
  13  0:13  Probe  
  14  0:21  Pylon  
  14  0:25  Probe  
  15  0:39  Probe  
  16  0:44  Assimilator  
  16  0:50  Gateway  
  16  0:54  Pylon  
  16  1:17  Assimilator  
  16  1:38  Cybernetics Core  
  16  1:39  Zealot  
  18  1:46  Probe  
  19  1:58  Pylon  
  19  2:01  Probe  
  20  2:13  Probe  
  20  2:14  Adept  
  23  2:16  Warp Gate  
  23  2:25  Probe  
  24  2:38  Probe  
  24  2:41  Stalker  
  27  2:50  Probe  
  28  3:11  Adept  
  30  4:17  Zealot  
  30  4:19  Pylon  
  22  4:35  Probe  
  22  4:37  Zealot  
Tags
 
Matchup
PvZ
Opening
Pool Only
Spawn Locations
Cross Positions
Add a new tag
Caveats
  • Supply blocks, unpowered buildings, or Contaminate may cause inaccurate times.
  • Supply counts are checked every 10 seconds.